 Dungeon Crawl Stone Soup version 0.20.0-10-g0535bb4 (webtiles) character file.

488 SedStubbie the Covered (level 7, -11/85 HPs)
             Began as a Barachi Fighter on June 3, 2017.
             Mangled by an orc
             ... wielding a +0 hand axe of electrocution
              (15 damage)
             ... on level 4 of the Dungeon.
             The game lasted 00:08:52 (4564 turns).

SedStubbie the Covered (Barachi Fighter)            Turns: 4564, Time: 00:08:55

Health: -11/85     AC: 11    Str: 24    XL:     7   Next: 13%
Magic:  7/7        EV:  9    Int:  9    God:
Gold:   165        SH: 10    Dex: 11    Spells: 6/6 levels left

rFire    . . .     SeeInvis .   J - +0 flail (protect)
rCold    . . .     Gourm    .   c - +0 shield
rNeg     + . .     Faith    .   G - +3 leather armour {rN+}
rPois    .         Spirit   .   L - +0 helmet
rElec    .         Reflect  .   H - +1 cloak
rCorr    .         Harm     .   x - +0 pair of gloves
MR       .....                  (no boots)
Stlth    ..........             (no amulet)
Regen    0.3/turn               (no ring)
MPRegen  0.1/turn               (no ring)

@: berserking (expiring), starving, quick
A: +LOS, swims, slowness 1, strong legs 1
a: Hop


You were on level 4 of the Dungeon.
You were starving.

You visited 1 branch of the dungeon, and saw 4 of its levels.

You collected 165 gold pieces.

Inventory:

Hand Weapons
 a - a +0 long sword
 v - a +0 spear of freezing
 J - a +0 flail of protection (weapon)
Missiles
 r - 10 tomahawks (quivered)
Armour
 b - a +0 scale mail
 c - a +0 shield (worn)
 x - a +0 pair of gloves (worn)
 G - a +3 leather armour of positive energy (worn)
 H - a +1 cloak (worn)
 L - a +0 helmet (worn)
Jewellery
 h - a cursed ring of flight {unknown}
 i - an uncursed amulet of regeneration {unknown}
Wands
 A - a wand of acid (1/15)
 D - a wand of digging (5/24)
 E - a wand of enslavement (13/24)
Scrolls
 g - a scroll of random uselessness {unknown}
 o - 7 scrolls of identify {unknown}
 t - a scroll of teleportation {unknown}
 u - 4 scrolls of remove curse {unknown}
 B - a scroll of amnesia {unknown}
 K - a scroll of blinking {unknown}
Potions
 d - a potion of might
 j - 2 potions of magic
 l - a potion of mutation {unknown}
 n - a potion of invisibility {unknown}
 q - a potion of degeneration {unknown}
 w - 3 potions of lignification {unknown}
 C - 3 potions of curing {unknown}
 M - a potion of berserk rage
Comestibles
 f - 2 bread rations
 m - 2 royal jellies
 z - a meat ration
 I - 3 fruits


   Skills:
 + Level 5.9 Fighting
 - Level 2.4 Long Blades
 + Level 6.3 Armour
 + Level 5.6 Shields


You had 6 spell levels left.
You didn't know any spells.

Dungeon Overview and Level Annotations

Branches:
Dungeon (4/15)
 Temple: D:4-7

Altars:
Hepliaklqana
Zin
The Shining One


Innate Abilities, Weirdness & Mutations

Shadows flee at your approach. (+LOS)
You can swim through water.
You cover ground slowly.
You can hop short distances.


Message History

You closely miss something. You block the orc's attack. Something hits you.
* * * LOW HITPOINT WARNING * * *
The orc hits you but does no damage.
You closely miss something. You block something's attack.
The orc barely misses you. You block the orc's attack.
You miss something.
You hear some strange, mumbled words.
A magic dart appears from out of thin air!
The magic dart hits you!
* * * LOW HITPOINT WARNING * * *
The orc hits you but does no damage. The orc barely misses you.
You miss something. Something hits you but does no damage.
The orc hits you but does no damage. You block the orc's attack.
You miss something. Something hits you but does no damage.
You block the orc's attack.
You hear some strange, mumbled words.
A puff of flame appears from out of thin air!
You block the puff of flame. The orc hits you but does no damage.
You are electrocuted!
You die...

### ..# # #.#.# #######
#.#.# #.....# ....#
#.###.#########
..#######.###.#{@.....#
....##.........oo..##.#
.##.##o##.###.#)##.##.#
.......##.....#.##....#
......[########(####..#
......o# #.####..#
..#.#..# #.......#
....#..# ##.###..#
)...o..#########.###..#


You could see 2 orcs.

Vanquished Creatures
  4 orc priests
  3 hounds
  Ijyb (D:3)
  Jessica (D:3)
  A worker ant (D:3)
  2 orc wizards
  5 adders
  2 oozes
  2 worms
  2 dart slugs (D:1)
  4 leopard geckos
  11 orcs
  5 giant cockroaches
  9 goblins
  10 hobgoblins
  3 jackals (D:1)
  5 kobolds
  2 ball pythons
  4 bats
  7 frilled lizards
  7 rats
90 creatures vanquished.

Notes
Turn   | Place    | Note
-------+----------+-------------------------------------------
     0 | D:1      | SedStubbie the Barachi Fighter began the quest for the Orb.
     0 | D:1      | Reached XP level 1. HP: 18/18 MP: 1/1
    90 | D:1      | Reached XP level 2. HP: 25/25 MP: 2/2
   276 | D:1      | Reached XP level 3. HP: 21/30 MP: 3/3
   436 | D:1      | Reached skill level 4 in Armour
  1135 | D:2      | Reached XP level 4. HP: 31/38 MP: 4/4
  1890 | D:3      | Reached XP level 5. HP: 26/43 MP: 5/5
  1893 | D:3      | Reached skill level 5 in Armour
  2862 | D:3      | Noticed Jessica
  2867 | D:3      | Killed Jessica
  2867 | D:3      | Reached XP level 6. HP: 51/51 MP: 6/6
  3057 | D:3      | Found a glowing golden altar of the Shining One.
  3177 | D:3      | Noticed Ijyb
  3243 | D:3      | Killed Ijyb
  3421 | D:3      | Found a glowing silver altar of Zin.
  3423 | D:3      | Found a hazy altar of Hepliaklqana.
  3675 | D:4      | Reached skill level 6 in Armour
  4261 | D:4      | Reached XP level 7. HP: 36/57 MP: 7/7
  4562 | D:4      | HP: 3/85 [something/magic dart (5)]
  4564 | D:4      | Mangled by an orc

Skill      XL: |  1  2  3  4  5  6 |
---------------+-------------------+-----
Shields        | 4 5 |  5.6
Armour         | 4 5 6 |  6.3
Fighting       | 4 5 |  5.9
Long Blades    | |  2.4

Action                   |  1- 3 |  4- 6 |  7- 9 || total
-------------------------+-------+-------+-------++-------
Melee: Long sword        |   122 |   196 |       ||   318
       Spear             |       |    56 |       ||    56
       Flail             |       |    46 |    49 ||    95
Throw: Tomahawk          |       |    10 |       ||    10
  Use: Potion            |       |       |     2 ||     2
  Eat: Chunk             |     2 |    10 |       ||    12
Armor: Scale mail        |    64 |   139 |       ||   203
       Leather armour    |       |    76 |    40 ||   116
Dodge: Dodged            |    45 |   128 |    16 ||   189
Block: Shield            |    71 |   196 |    47 ||   314
       Rpst.: Long sword |    20 |    27 |       ||    47
